 Dungeon Crawl Stone Soup version 0.26.0-10-g1f06aea511 (webtiles) character file.

Game seed: 9910976513453072201

1247 Goblin1989 the Twirler (level 8, -4/61 HPs)
             Began as a Demonspawn Delver on Jan 29, 2021.
             Was a Believer of Okawaru.
             Slain by a sky beast (6 damage)
             ... on level 6 of the Dungeon.
             The game lasted 00:13:54 (7537 turns).

Goblin1989 the Twirler (Demonspawn Delver)          Turns: 7537, Time: 00:13:54

Health: -4/61      AC:  6    Str: 14    XL:     8   Next: 25%
Magic:  9/9        EV: 15    Int: 13    God:    Okawaru [**....]
Gold:   328        SH:  0    Dex: 14    Spells: 7/7 levels left

rFire    . . .     SeeInvis .   P - +1 quarterstaff
rCold    . . .     Faith    .   (shield currently unavailable)
rNeg     . . .     Spirit   .   b - +0 leather armour
rPois    .         Reflect  .   (helmet restricted)
rElec    .         Harm     .   K - +1 cloak
rCorr    .         Rampage  .   J - +0 pair of gloves
Will     .....                  (no boots)
Stlth    ++........             (no amulet)
HPRegen  0.20/turn              (no ring)
MPRegen  0.11/turn              (no ring)

@: no status effects
A: antennae 2, repulsion field 1, demonic guardian 2
a: Renounce Religion, Heroism


You were on level 6 of the Dungeon.
You worshipped Okawaru.
Okawaru was pleased with you.
You visited 1 branch of the dungeon, and saw 6 of its levels.

You collected 328 gold pieces.

Inventory:

Hand Weapons
 P - a +1 quarterstaff (weapon)
Missiles
 F - 7 boomerangs
 L - 18 poisoned darts (quivered)
 T - 293 stones {@Q3}
 Z - a throwing net {!d , @Q1}
Armour
 b - a +0 leather armour (worn)
 J - a +0 pair of gloves (worn)
 K - a +1 cloak (worn)
Wands
 g - a wand of digging (3) {@v1}
Scrolls
 c - a scroll of fog
 e - a scroll of fear
 H - a scroll of enchant armour
 M - 3 scrolls of magic mapping
 N - a scroll of remove curse {@r3}
 O - 2 scrolls of teleportation {unknown}
 Q - 2 scrolls of amnesia {unknown}
 S - 2 scrolls of noise
 V - 2 scrolls of enchant weapon
Potions
 f - a potion of haste {@q3,}
 C - 2 potions of resistance
 D - 2 potions of curing {@q1}
 E - a potion of flight
 I - a potion of mutation {unknown}
 W - a potion of magic {unknown}
 Y - 3 potions of heal wounds {@q2}


   Skills:
 + Level 4.8 Fighting
 - Level 2.0(4.1) Maces & Flails
 * Level 5.6(5.8) Staves
 + Level 2.8 Throwing
 + Level 3.1 Armour
 + Level 3.9 Dodging
 - Level 4.5 Stealth
 + Level 1.5 Invocations


You had 7 spell levels left.
You didn't know any spells.
Your spell library contained the following spells:

 Spells                   Type           Power        Failure   Level
 Magic Dart               Conj           0%           36%         1
 Blink                    Tloc           N/A          50%         2
 Call Imp                 Summ           0%           50%         2
 Slow                     Hex            0%           50%         2
 Conjure Flame            Conj/Fire      0%           75%         3
 Mephitic Cloud           Conj/Pois/Air  0%           75%         3


Dungeon Overview and Level Annotations

Branches:
Dungeon (6/15)             Temple (0/1) D:6

Altars:
Okawaru
Sif Muna


Innate Abilities, Weirdness & Mutations

You have a pair of antennae on your head.
You are surrounded by a mild repulsion field. (EV +2)
A demonic guardian rushes to your aid.


Message History

No target in view!
No target in view!
No target in view!
No target in view!
No target in view!
No target in view!
No target in view!
No target in view!
No target in view!
No target in view!
A sky beast comes into view.
No target in view!
No target in view!
No target in view!
No target in view!
No target in view!
No target in view!
An orc comes into view. It is wielding a +0 mace.
You regained 10 hp, and now have 58/61 hp.
You catch the helpless orc completely off-guard!
You hit the orc.
The orc is heavily wounded.
The orc drinks a potion.
The orc is healed!
You barely miss the orc. The orc barely misses you.
You thump the orc!
You kill the orc!
Okawaru accepts your kill.
No target in view!
A sky beast is nearby!
A sky beast is nearby!
Health restored: 61 The sky beast hits you.
The sky beast shocks you.
You take 7 damage, and have 54/61 hp.
You closely miss the sky beast. The sky beast closely misses you.
You hit the sky beast.
The sky beast is lightly wounded.
The sky beast hits you. The sky beast shocks you.
You take 7 damage, and have 47/61 hp.
You closely miss the sky beast.
The sky beast is lightly wounded.
The sky beast closely misses you.
You closely miss the sky beast.
The sky beast is lightly wounded.
The sky beast barely misses you.
You hit the sky beast but do no damage.
The sky beast is lightly wounded.
The sky beast barely misses you.
You hit the sky beast.
The sky beast is lightly wounded.
The sky beast flickers out of sight!
Deactivating autopickup; reactivate with Ctrl-A.
Something hits you but does no damage.
No target in view!
No target in view!
No target in view!
No target in view!
No target in view!
No target in view!
No target in view!
No target in view!
No target in view!
No target in view!
No target in view!
No target in view!
No target in view!
No target in view!
No target in view!
No target in view!
No target in view!
No target in view!
No target in view!
You closely miss something. Something hits you. Something shocks you.
You take 5 damage, and have 42/61 hp.
You closely miss something. Something barely misses you.
You hit something. Something hits you but does no damage.
You barely miss something. Something hits you but does no damage.
You hit something but do no damage. Something hits you but does no damage.
You thump something! Something hits you. Something shocks you.
You take 7 damage, and have 35/61 hp.
You hit something. Something hits you. Something shocks you.
You take 7 damage, and have 28/61 hp.
You hit something. Something hits you.
* * * LOW HITPOINT WARNING * * *
Something shocks you.
* * * LOW HITPOINT WARNING * * *
You take 8 damage, and have 20/61 hp.
You closely miss something. Something hits you.
* * * LOW HITPOINT WARNING * * *
Something shocks you.
* * * LOW HITPOINT WARNING * * *
You take 7 damage, and have 13/61 hp.
You barely miss something. Something hits you.
* * * LOW HITPOINT WARNING * * *
Something shocks you.
* * * LOW HITPOINT WARNING * * *
You take 7 damage, and have 6/61 hp.
Something hits you.
* * * LOW HITPOINT WARNING * * *
Something shocks you.
You die... ██████÷(█

█.█ █.......█ █)█
█.████.(█ █.█
█.(███████.█ █.█
█.(█.......█ █.█
███████....███████████.█
{.....(....█ █.......█
█████████████{..█
█.███████
........<...@...██ █.█
█████.....███...████.█
█.....█ █)...[[..█
█.███████....█████ █.█
...███.)█
██.███.█.███..██████████
█.........███..........█
█.███.█.█.███..███████.█
█.██.......██.>█ █.█


There were no monsters in sight!

Vanquished Creatures
  Sigmund (D:5)
  Eustachio (D:5)
  An ogre (D:6)
  A bullfrog (D:5)
  2 bullfrog skeletons
  An orc priest (D:4)
  2 orc wizards
  Jessica (D:2)
  An iguana (D:4)
  Terence (D:3)
  4 worker ants
  A hound skeleton (D:5)
  2 worker ant zombies
  Robin (D:2)
  4 gnolls
  2 adders
  A white imp (D:6)
  2 worms
  3 dart slugs
  5 orcs
  5 giant cockroaches
  12 goblins
  16 hobgoblins
  4 jackals
  6 kobolds
  4 quokkas
  2 ball pythons
  7 bats
  6 frilled lizards
  7 rats
106 creatures vanquished.

Vanquished Creatures (collateral kills)
  Grinder (D:3)
  An ice beast (D:6)
  A centaur (D:6)
  2 ogres
  A howler monkey (D:6)
  A hound (D:4)
  A jackal (D:4)
8 creatures vanquished.

Grand Total: 114 creatures vanquished

Notes
Turn   | Place    | Note
-------+----------+-------------------------------------------
     0 | D:5      | Goblin1989 the Demonspawn Delver began the quest for the
                  | Orb.
     0 | D:5      | Reached XP level 1. HP: 18/18 MP: 1/1
   190 | D:3      | Reached skill level 1 in Staves
   190 | D:3      | Gained mutation: A weak demonic guardian rushes to your
                  | aid. [demonic ancestry]
   190 | D:3      | Reached XP level 2. HP: 3/24 MP: 2/2
  1002 | D:1      | Reached skill level 2 in Staves
  1042 | D:1      | Gained mutation: A demonic guardian rushes to your aid.
                  | [demonic ancestry]
  1042 | D:1      | Reached XP level 3. HP: 29/29 MP: 3/3
  1923 | D:2      | Noticed Robin
  2513 | D:2      | Killed Robin
  2514 | D:2      | Reached skill level 3 in Staves
  2514 | D:2      | Reached XP level 4. HP: 15/35 MP: 4/4
  2782 | D:2      | Noticed Jessica
  2920 | D:2      | Killed Jessica
  3447 | D:2      | Found a shimmering blue altar of Sif Muna.
  4247 | D:3      | Noticed Terence
  4254 | D:3      | Killed Terence
  4255 | D:3      | Reached skill level 1 in Armour
  4255 | D:3      | Reached XP level 5. HP: 41/41 MP: 5/5
  4328 | D:3      | Noticed Grinder
  4330 | D:3      | Paralysed by Grinder for 2 turns
  4337 | D:3      | Killed Grinder
  4338 | D:3      | Reached skill level 1 in Throwing
  4707 | D:4      | Gained mutation: You have a pair of small antennae on your
                  | head. [demonic ancestry]
  4707 | D:4      | Reached XP level 6. HP: 48/48 MP: 6/6
  5011 | D:4      | Reached skill level 4 in Staves
  5108 | D:4      | HP: 2/48 [poisoned by a worker ant]
  5564 | D:4      | Found an iron altar of Okawaru.
  5696 | D:4      | Became a worshipper of Warmaster Okawaru
  5913 | D:5      | Gained mutation: You are surrounded by a mild repulsion
                  | field. (EV +2) [demonic ancestry]
  5913 | D:5      | Reached XP level 7. HP: 48/54 MP: 7/7
  6102 | D:5      | Noticed Sigmund
  6108 | D:5      | Killed Sigmund
  6787 | D:5      | Reached * piety under Okawaru
  6788 | D:5      | Reached skill level 5 in Staves
  6853 | D:5      | Noticed Eustachio
  6866 | D:5      | Killed Eustachio
  6940 | D:6      | Found a staircase to the Ecumenical Temple.
  7097 | D:6      | Gained mutation: You have a pair of antennae on your head.
                  | [demonic ancestry]
  7097 | D:6      | Reached XP level 8. HP: 61/61 MP: 8/8
  7185 | D:6      | Reached ** piety under Okawaru
  7186 | D:6      | Reached skill level 1 in Invocations
  7537 | D:6      | HP: 2/61 [something (5)]
  7537 | D:6      | Slain by a sky beast

Illustrated notes

Levels and vault maps discovered:
D:1:      dpeg_arrival_refuge, layout_rooms, fountainhead,
          hangedman_decor_lopped
D:2:      layout_basic, lemuel_blue_sif_altar, uniq_jessica, uniq_robin
D:3:      layout_basic, minmay_misc_feat_tiny, uniq_terence, uniq_grinder
D:4:      layout_rooms, lemuel_doored_altar
D:5:      layout_basic, uniq_eustachio, uniq_sigmund
D:6:      layout_basic, minmay_temple_entry_sparse_star

Skill      XL: |  1  2  3  4  5  6  7  8 |
---------------+-------------------------+-----
Maces & Flails | 2 |  2.0
Staves         | 1 2 3 4 5 |  5.6
Dodging        | 2 3 |  3.9
Armour         | 1 2 3 |  3.1
Throwing       | 1 2 |  2.8
Fighting       | 4 |  4.8
Invocations    | 1 |  1.5
Stealth        | |  4.5

Action                   |  1- 3 |  4- 6 |  7- 9 || total
-------------------------+-------+-------+-------++-------
Melee: Quarterstaff      |   124 |   125 |    91 ||   340
       Mace              |     8 |       |       ||     8
Throw: Dart              |       |    73 |    46 ||   119
  Use: Scroll            |     1 |       |     8 ||     9
       Potion            |       |     3 |       ||     3
 Stab: Sleeping          |     3 |     3 |     2 ||     8
       Distracted        |       |       |     2 ||     2
Armor: Leather armour    |    31 |    39 |    24 ||    94
Dodge: Dodged            |   109 |    99 |    63 ||   271
